[Event "Philip Hogarty Memorial GM 2019"]
[Site "Stillorgan"]
[Date "2019.01.04"]
[Round "4"]
[White "Maksimenko, Andrei"]
[Black "Fitzsimons, David"]
[Result "1/2-1/2"]
[ECO "E28"]
[WhiteElo "2484"]
[BlackElo "2301"]
[Annotator "ChessBase"]
[PlyCount "21"]
[EventDate "2019.01.02"]
[EventType "tourn"]
[EventCountry "IRL"]
[SourceTitle "playchess.com"]
[Source "ChessBase"]
[SourceQuality "1"]
[TimeControl "5400+30"]

1. d4 Nf6 2. c4 e6 3. Nc3 Bb4 4. a3 Bxc3+ 5. bxc3 c5 6. e3 Nc6 7. Ne2 O-O 8. Ng3 d5 9. cxd5 Qxd5 10. Rb1 Rd8 11. Ra1 1/2-1/2

[Event "Philip Hogarty Memorial GM 2019"]
[Site "Stillorgan"]
[Date "2019.01.04"]
[Round "4"]
[White "Glek, Igor"]
[Black "Quinn, Mark"]
[Result "0-1"]
[ECO "B47"]
[WhiteElo "2453"]
[BlackElo "2386"]
[Annotator "ChessBase"]
[PlyCount "90"]
[EventDate "2019.01.02"]
[EventType "tourn"]
[EventCountry "IRL"]
[SourceTitle "playchess.com"]
[Source "ChessBase"]
[SourceQuality "1"]
[TimeControl "5400+30"]

1. e4 c5 2. Nf3 e6 3. Nc3 Nc6 4. d4 cxd4 5. Nxd4 Qc7 6. g3 a6 7. Bg2 d6 8. Nxc6 bxc6 9. O-O h5 10. h3 e5 11. Na4 Nf6 12. c4 Be6 13. Qd3 h4 14. g4 Nd7 15. Be3 Qa5 16. b3 Be7 17. Rfc1 O-O 18. Bd2 Qc7 19. b4 Rfd8 20. Be3 Rab8 21. Rab1 Rb7 22. Bf1 Qb8 23. a3 Qa8 24. Rd1 Nf8 25. Nc3 Rc8 26. c5 dxc5 27. bxc5 Bb3 28. Rd2 a5 29. Rdb2 Rd7 30. Qa6 Ra7 31. Qxc8 Qxc8 32. Rxb3 Qe6 33. Rb8 Kh7 34. Re8 Nd7 35. Rb2 Nf6 36. Reb8 Rd7 37. g5 Ng8 38. Kh2 Rd8 39. Rxd8 Bxd8 40. Rb7 Qg6 41. Bc4 Bxg5 42. Bxf7 Qf6 43. Bxg8+ Kxg8 44. Rb2 Bxe3 45. fxe3 Qf3 0-1

[Event "Philip Hogarty Memorial GM 2019"]
[Site "Stillorgan"]
[Date "2019.01.04"]
[Round "4"]
[White "Collins, Sam E."]
[Black "Fernandez, Daniel Howard"]
[Result "0-1"]
[ECO "B06"]
[WhiteElo "2428"]
[BlackElo "2465"]
[Annotator "ChessBase"]
[PlyCount "118"]
[EventDate "2019.01.02"]
[EventType "tourn"]
[EventCountry "IRL"]
[SourceTitle "playchess.com"]
[Source "ChessBase"]
[SourceQuality "1"]
[TimeControl "5400+30"]

1. e4 g6 2. d4 Bg7 3. Nc3 a6 4. f4 d5 5. e5 b5 6. Nf3 c6 7. Bd3 a5 8. O-O Na6 9. a4 b4 10. Ne2 Bg4 11. f5 gxf5 12. Ng3 e6 13. h3 Bxf3 14. Qxf3 Ne7 15. Nh5 Rg8 16. g4 Kd7 17. Kh1 c5 18. gxf5 Bh8 19. fxe6+ fxe6 20. Bxh7 Rf8 21. Nf6+ Bxf6 22. exf6 Nc6 23. dxc5 Nxc5 24. Be3 Nb7 25. Rad1 Kc7 26. c4 bxc3 27. bxc3 Nd6 28. Rb1 Qd7 29. Bb6+ Kc8 30. Qh5 Nd8 31. Bd3 Qc6 32. Kh2 Kd7 33. Bxd8 Kxd8 34. Qh6 Kc7 35. Qe3 Nf7 36. c4 Qd6+ 37. Kh1 Rh8 38. Rf3 d4 39. Qe4 Rab8 40. Rxb8 Rxb8 41. Qh7 Qd7 42. Rg3 Kd6 43. Qe4 Qb7 44. Rg7 Qxe4+ 45. Bxe4 Ke5 46. Rxf7 Kxe4 47. Rd7 d3 48. f7 Ke3 49. c5 d2 50. c6 Ke2 51. c7 Rc8 52. Rd8 d1=Q+ 53. Rxd1 Kxd1 54. Kg2 Ke2 55. Kg3 Ke3 56. Kg4 Kd4 57. h4 e5 58. Kf5 Kd5 59. h5 e4 {[%emt 0:00:02] Ke5+ Kxe5 [%clk 1:30:30]} 0-1

[Event "Philip Hogarty Memorial GM 2019"]
[Site "Stillorgan"]
[Date "2019.01.04"]
[Round "4"]
[White "Lane, Gary W"]
[Black "O`Donnell, Conor"]
[Result "1-0"]
[ECO "B12"]
[WhiteElo "2358"]
[BlackElo "2358"]
[Annotator "NA"]
[PlyCount "55"]
[EventDate "2019.01.02"]
[EventType "tourn"]
[EventCountry "IRL"]
[SourceTitle "playchess.com"]
[Source "ChessBase"]
[SourceQuality "1"]
[TimeControl "5400+30"]

1. e4 c6 2. d4 d5 3. e5 Bf5 4. h4 h5 5. Bd3 Bxd3 6. Qxd3 e6 7. Bg5 Qb6 8. Nd2 c5 9. c4 Qxb2 10. Rd1 Nc6 11. Ne2 Nb4 12. Qf3 cxd4 13. O-O d3 14. Nf4 Be7 15. cxd5 exd5 16. Rb1 Qd4 17. a3 Nc6 18. Nxd5 Nxe5 19. Nc7+ Kd8 20. Qxb7 Rc8 21. Rb5 Rxc7 22. Rd5+ Nd7 23. Qa8+ Rc8 24. Qxc8+ Kxc8 25. Rxd4 Ngf6 26. Rc1+ Kd8 27. Rxd3 Re8 28. Nf3 {[%emt 0:02:52] Nb8 [%clk 0:00:00]} 1-0

[Event "Philip Hogarty Memorial GM 2019"]
[Site "Stillorgan"]
[Date "2019.01.04"]
[Round "4"]
[White "Daly, Colm"]
[Black "Astaneh Lopez, Alex"]
[Result "1/2-1/2"]
[ECO "E18"]
[WhiteElo "2282"]
[BlackElo "2427"]
[Annotator "NA"]
[PlyCount "59"]
[EventDate "2019.01.02"]
[EventType "tourn"]
[EventCountry "IRL"]
[SourceTitle "playchess.com"]
[Source "ChessBase"]
[SourceQuality "1"]
[TimeControl "5400+30"]

1. Nf3 Nf6 2. c4 e6 3. g3 b6 4. Bg2 Bb7 5. O-O Be7 6. Nc3 O-O 7. d4 Ne4 8. Nxe4 Bxe4 9. Nh4 Bxg2 10. Nxg2 d5 11. Qa4 c6 12. Bf4 Qd7 13. Rac1 b5 14. cxb5 cxb5 15. Qa5 Bd8 16. Bc7 Bg5 17. Bf4 Bd8 18. Bc7 Bg5 19. Bf4 Bd8 20. Bc7 Bg5 21. e3 Rc8 22. Bf4 Bxf4 23. Nxf4 a6 24. Nd3 Nc6 25. Qb6 Nb8 26. Nf4 Nc6 27. Nd3 Ne7 28. Ne5 Qe8 29. Qb7 f6 30. Nd7 1/2-1/2

[Event "Philip Hogarty Memorial GM 2019"]
[Site "Stillorgan"]
[Date "2019.01.04"]
[Round "5"]
[White "Fernandez, Daniel Howard"]
[Black "Daly, Colm"]
[Result "1-0"]
[ECO "A13"]
[WhiteElo "2465"]
[BlackElo "2282"]
[Annotator "ChessBase"]
[PlyCount "73"]
[EventDate "2019.01.02"]
[EventType "tourn"]
[EventCountry "IRL"]
[SourceTitle "playchess.com"]
[Source "ChessBase"]
[SourceQuality "1"]
[TimeControl "5400+30"]

1. Nf3 Nf6 2. c4 e6 3. g3 d5 4. Bg2 d4 5. O-O c5 6. b4 cxb4 7. a3 Nc6 8. d3 a5 9. axb4 Bxb4 10. Na3 O-O 11. Nc2 Bc5 12. Ba3 Bxa3 13. Nxa3 Nd7 14. Nd2 Nc5 15. Nb3 Qe7 16. Nxc5 Qxc5 17. Qb3 Nb4 18. Rfb1 Rb8 19. Nc2 Nxc2 20. Qxc2 b6 21. Qa4 Qc7 22. Qc6 Qxc6 23. Bxc6 Ba6 24. Ra2 Rfc8 25. Ba4 b5 26. Bxb5 Bxb5 27. cxb5 Rc5 28. Rxa5 g6 29. Ra4 e5 30. b6 Kg7 31. Rc4 Ra5 32. b7 Ra7 33. Rc7 g5 34. g4 h6 35. Kg2 Kg6 36. Rb6+ Kg7 37. h3 1-0

[Event "Philip Hogarty Memorial GM 2019"]
[Site "Stillorgan"]
[Date "2019.01.04"]
[Round "5"]
[White "Astaneh Lopez, Alex"]
[Black "Glek, Igor"]
[Result "1-0"]
[ECO "A05"]
[WhiteElo "2427"]
[BlackElo "2453"]
[Annotator "ChessBase"]
[PlyCount "76"]
[EventDate "2019.01.02"]
[EventType "tourn"]
[EventCountry "IRL"]
[SourceTitle "playchess.com"]
[Source "ChessBase"]
[SourceQuality "1"]
[TimeControl "5400+30"]

1. Nf3 Nf6 2. g3 b5 3. d3 Bb7 4. e4 d6 5. Nc3 b4 6. Ne2 g6 7. Bg2 Bg7 8. O-O Nbd7 9. Bd2 a5 10. Qc1 O-O 11. Bh6 e5 12. Bg5 Nc5 13. Be3 Nfd7 14. Nd2 f5 15. exf5 Bxg2 16. Kxg2 gxf5 17. f4 Qe8 18. fxe5 dxe5 19. Nb3 Ne6 20. Bh6 a4 21. Bxg7 Kxg7 22. Nd2 Kh8 23. Nf3 f4 24. Qd2 c5 25. Rae1 Qh5 26. a3 Nf6 27. Nxf4 Nxf4+ 28. gxf4 Ng4 29. axb4 cxb4 30. Re4 a3 31. bxa3 bxa3 32. h3 a2 33. Qc3 Rfc8 34. Qb2 a1=Q 35. Rxa1 Rxa1 36. Qxa1 Rxc2+ 37. Kg3 Nf6 38. Rxe5 Qf7 1-0

[Event "Philip Hogarty Memorial GM 2019"]
[Site "Stillorgan"]
[Date "2019.01.04"]
[Round "5"]
[White "Quinn, Mark"]
[Black "Maksimenko, Andrei"]
[Result "1/2-1/2"]
[ECO "A09"]
[WhiteElo "2386"]
[BlackElo "2484"]
[Annotator "ChessBase"]
[PlyCount "33"]
[EventDate "2019.01.02"]
[EventType "tourn"]
[EventCountry "IRL"]
[SourceTitle "playchess.com"]
[Source "ChessBase"]
[SourceQuality "1"]
[TimeControl "5400+30"]

1. Nf3 d5 2. c4 dxc4 3. g3 a6 4. Bg2 Nf6 5. O-O Nc6 6. b3 cxb3 7. Qxb3 e6 8. d4 Be7 9. Rd1 O-O 10. Nc3 Rb8 11. e4 Na5 12. Qa4 b6 13. Bf4 Bb7 14. Qc2 Bc8 15. Bc1 b5 16. d5 Qe8 17. Bf4 1/2-1/2

[Event "Philip Hogarty Memorial GM 2019"]
[Site "Stillorgan"]
[Date "2019.01.04"]
[Round "5"]
[White "O`Donnell, Conor"]
[Black "Collins, Sam E."]
[Result "0-1"]
[ECO "E62"]
[WhiteElo "2358"]
[BlackElo "2428"]
[Annotator "NA"]
[PlyCount "50"]
[EventDate "2019.01.02"]
[EventType "tourn"]
[EventCountry "IRL"]
[SourceTitle "playchess.com"]
[Source "ChessBase"]
[SourceQuality "1"]
[TimeControl "5400+30"]

1. d4 Nf6 2. c4 g6 3. g3 Bg7 4. Bg2 O-O 5. Nc3 d6 6. Nf3 Nc6 7. O-O e5 8. dxe5 dxe5 9. Bg5 Be6 10. Qc1 Qc8 11. Rd1 Bh3 12. Bxf6 Bxf6 13. Nd5 Bg7 14. Bxh3 Qxh3 15. Nxc7 Rac8 16. Nd5 Rce8 17. b4 e4 18. Nh4 h6 19. c5 g5 20. Ng2 Ne5 21. Nge3 f5 22. Rd2 f4 23. Qf1 Qh5 24. Nc2 Ng4 25. h3 fxg3 0-1

[Event "Philip Hogarty Memorial GM 2019"]
[Site "Stillorgan"]
[Date "2019.01.05"]
[Round "6"]
[White "Collins, Sam E."]
[Black "Fitzsimons, David"]
[Result "1-0"]
[ECO "B08"]
[WhiteElo "2428"]
[BlackElo "2301"]
[Annotator "NA"]
[PlyCount "137"]
[EventDate "2019.01.02"]
[EventType "tourn"]
[EventCountry "IRL"]
[SourceTitle "playchess.com"]
[Source "ChessBase"]
[SourceQuality "1"]
[TimeControl "5400+30"]

1. e4 g6 2. d4 Bg7 3. Nf3 d6 4. Be2 Nf6 5. Nc3 O-O 6. O-O a6 7. a4 Nc6 8. a5 e5 9. d5 Ne7 10. b4 Ne8 11. Na4 f5 12. c4 Nf6 13. Nc3 Nxe4 14. Nxe4 fxe4 15. Ng5 c6 16. dxc6 bxc6 17. Nxe4 Nf5 18. Bg4 Be6 19. Nxd6 Qe7 20. c5 Bd5 21. Bxf5 gxf5 22. Ra3 e4 23. Bf4 Be5 24. Qd2 Kh8 25. Rg3 Rab8 26. Rb1 Qf6 27. h3 Bxf4 28. Qxf4 Ba2 29. Rd1 Rxb4 30. Qxf5 Qxf5 31. Nxf5 Rb5 32. Nd6 Rxc5 33. Nxe4 Rxa5 34. Ra1 Re5 35. Rxa2 Rxe4 36. Rxa6 Re1+ 37. Kh2 Re6 38. f3 Rc8 39. Rg5 Re2 40. h4 c5 41. Ra7 Re6 42. Rgg7 h6 43. Rh7+ Kg8 44. Rag7+ Kf8 45. Rc7 Rxc7 46. Rxc7 Re5 47. g4 Ke8 48. h5 Kd8 49. Rc6 Kd7 50. Rxh6 c4 51. Ra6 c3 52. Ra2 Rc5 53. Rc2 Ke6 54. Kg3 Kf6 55. f4 Rc4 56. Kf3 Rc5 57. Ke4 Rc4+ 58. Ke3 Ke6 59. Kf3 Kf6 60. Kg3 Ke6 61. Kh4 Kf6 62. f5 Kg7 63. Kg5 Rc5 64. h6+ Kh7 65. Kh5 Kg8 66. Kg6 Rc4 67. g5 Rc7 68. Re2 Rg7+ 69. hxg7 1-0

[Event "Philip Hogarty Memorial GM 2019"]
[Site "Stillorgan"]
[Date "2019.01.05"]
[Round "6"]
[White "Lane, Gary W"]
[Black "Quinn, Mark"]
[Result "1/2-1/2"]
[ECO "B81"]
[WhiteElo "2358"]
[BlackElo "2386"]
[Annotator "NA"]
[PlyCount "108"]
[EventDate "2019.01.02"]
[EventType "tourn"]
[EventCountry "IRL"]
[SourceTitle "playchess.com"]
[Source "ChessBase"]
[SourceQuality "1"]
[TimeControl "5400+30"]

1. e4 c5 2. Nf3 e6 3. d4 cxd4 4. Nxd4 Nf6 5. Nc3 d6 6. g4 h6 7. h3 Nc6 8. Bg2 Bd7 9. O-O a6 10. Be3 g5 11. Qe2 Ne5 12. f4 gxf4 13. Bxf4 Be7 14. Nf3 Qb6+ 15. Kh1 Ng6 16. Be3 Qc7 17. Kg1 Bc6 18. Nd4 Ne5 19. Nxc6 bxc6 20. Rf2 Nfd7 21. b3 Bg5 22. Rd1 Rg8 23. Qd2 Ke7 24. Ne2 Rad8 25. Nf4 c5 26. Nh5 c4 27. Rdf1 c3 28. Qd4 Qc5 29. Qxc5 Nxc5 30. Bd4 Ncd7 31. Re2 Bd2 32. Be3 Bxe3+ 33. Rxe3 Rc8 34. Nf4 Rc5 35. Ne2 Rgc8 36. Nd4 Nf8 37. Kh2 a5 38. a4 Nfg6 39. Kg3 Rh8 40. Nb5 h5 41. Rxc3 Rxc3+ 42. Nxc3 hxg4 43. Nb5 gxh3 44. Bxh3 Rh4 45. Re1 Rf4 46. Re3 Nd7 47. Bf5 exf5 48. exf5+ Nde5 49. fxg6 Rg4+ 50. Kf2 fxg6 51. c3 Rf4+ 52. Kg3 Rg4+ 53. Kf2 Rf4+ 54. Kg3 Rg4+ 1/2-1/2

[Event "Philip Hogarty Memorial GM 2019"]
[Site "Stillorgan"]
[Date "2019.01.05"]
[Round "6"]
[White "Daly, Colm"]
[Black "O`Donnell, Conor"]
[Result "1-0"]
[ECO "D37"]
[WhiteElo "2282"]
[BlackElo "2358"]
[Annotator "NA"]
[PlyCount "131"]
[EventDate "2019.01.02"]
[EventType "tourn"]
[EventCountry "IRL"]
[SourceTitle "playchess.com"]
[Source "ChessBase"]
[SourceQuality "1"]
[TimeControl "5400+30"]

1. d4 Nf6 2. c4 e6 3. Nf3 d5 4. e3 b6 5. Bd3 Bb7 6. O-O dxc4 7. Bxc4 Be7 8. Nc3 O-O 9. Qe2 c5 10. Rd1 Nbd7 11. dxc5 Bxc5 12. h3 Rc8 13. Bd2 Qc7 14. Ba6 e5 15. e4 Bxa6 16. Qxa6 Nb8 17. Qe2 h6 18. Rac1 Qe7 19. Nh4 Qe6 20. Nf5 Nc6 21. Be3 Rfd8 22. Bxc5 bxc5 23. Qa6 Kh7 24. Rd6 Rxd6 25. Nxd6 Rd8 26. Nb7 Rb8 27. Nxc5 Qd6 28. Nb3 Rb6 29. Qc4 Nd4 30. Rd1 Rc6 31. Qd3 Rb6 32. Nd5 Nxb3 33. axb3 Rb7 34. Qf3 Qe6 35. b4 Ne8 36. Rc1 Nd6 37. Qd3 Nb5 38. Rc5 a6 39. Kh2 Nd4 40. f4 Nb5 41. f5 Qd6 42. Qg3 Nd4 43. f6 g6 44. Rc8 Rb8 45. Rc7 Rf8 46. Qg4 Ne6 47. Re7 h5 48. Qd1 Nf4 49. Qb3 Nxd5 50. Qxd5 Qxf6 51. Qxe5 Qxe5+ 52. Rxe5 Rb8 53. b5 axb5 54. b4 Kg7 55. Kg3 Rb7 56. Kf4 f6 57. Rc5 Kf7 58. e5 Rb6 59. Ke4 fxe5 60. Kxe5 Re6+ 61. Kd4 Rd6+ 62. Rd5 Ke6 63. Rxd6+ Kxd6 64. h4 Kc6 65. Ke5 Kb6 66. Kd6 1-0

[Event "Philip Hogarty Memorial GM 2019"]
[Site "Stillorgan"]
[Date "2019.01.05"]
[Round "7"]
[White "Maksimenko, Andrei"]
[Black "Lane, Gary W"]
[Result "0-1"]
[ECO "A04"]
[WhiteElo "2484"]
[BlackElo "2358"]
[Annotator "ChessBase"]
[PlyCount "57"]
[EventDate "2019.01.02"]
[EventType "tourn"]
[EventCountry "IRL"]
[SourceTitle "playchess.com"]
[Source "ChessBase"]
[SourceQuality "1"]
[TimeControl "5400+30"]

1. Nf3 f5 2. d3 d6 3. e4 e5 4. Nc3 Nf6 5. exf5 Bxf5 6. d4 e4 7. Nh4 Bg4 8. Be2 Bxe2 9. Qxe2 d5 10. Bg5 Bb4 11. Qb5+ Nc6 12. Qxb7 Nxd4 13. O-O-O Bxc3 14. bxc3 Rb8 15. Bxf6 gxf6 16. Qa6 Rb6 17. Qa4+ Nc6 18. c4 Qd6 19. Rxd5 Qf4+ 20. Rd2 O-O 21. c5 Rb4 22. Qxc6 Rfb8 23. Qe6+ Kh8 24. Kd1 Rb1+ 25. Ke2 Rxh1 26. Qh3 Qg5 27. Nf5 Rc1 28. Nh6 Qxc5 29. Qe6 0-1

[Event "Philip Hogarty Memorial GM 2019"]
[Site "Stillorgan"]
[Date "2019.01.05"]
[Round "7"]
[White "Fitzsimons, David"]
[Black "Daly, Colm"]
[Result "1-0"]
[ECO "B51"]
[WhiteElo "2301"]
[BlackElo "2282"]
[Annotator "NA"]
[PlyCount "103"]
[EventDate "2019.01.02"]
[EventType "tourn"]
[EventCountry "IRL"]
[SourceTitle "playchess.com"]
[Source "ChessBase"]
[SourceQuality "1"]
[TimeControl "5400+30"]

1. e4 c5 2. Nf3 d6 3. Nc3 Nc6 4. Bb5 e5 5. Bxc6+ bxc6 6. d3 f6 7. O-O Bg4 8. h3 Bh5 9. a3 d5 10. Bd2 Ne7 11. Qe2 d4 12. Na4 Nc8 13. b4 Nb6 14. Nxc5 Bxc5 15. bxc5 Na4 16. g4 Bf7 17. Nh4 Nxc5 18. f4 exf4 19. Nf5 Ne6 20. Bxf4 O-O 21. Bd6 Re8 22. h4 Bg6 23. Qh2 a5 24. Rf2 Ra7 25. Raf1 Rd7 26. e5 fxe5 27. Bxe5 Bxf5 28. gxf5 Nf8 29. f6 Ng6 30. Bxd4 Rf7 31. c3 gxf6 32. Bxf6 Qxd3 33. h5 Re4 34. hxg6 Rg4+ 35. Rg2 Qxg6 36. Rxg4 Qxg4+ 37. Qg2 Qxg2+ 38. Kxg2 a4 39. Bd4 Rb7 40. Rf3 Rb3 41. c4 Rxf3 42. Kxf3 Kf7 43. Be5 Ke6 44. Ke4 h5 45. Bg3 Kf6 46. Bh4+ Ke6 47. c5 Kd7 48. Ke5 Kc7 49. Ke6 Kb7 50. Kd7 Ka8 51. Kxc6 Kb8 52. Kd7 1-0

[Event "Philip Hogarty Memorial GM 2019"]
[Site "Stillorgan"]
[Date "2019.01.06"]
[Round "8"]
[White "Collins, Sam E."]
[Black "Maksimenko, Andrei"]
[Result "1/2-1/2"]
[ECO "B51"]
[WhiteElo "2428"]
[BlackElo "2484"]
[Annotator "ChessBase"]
[PlyCount "32"]
[EventDate "2019.01.02"]
[EventType "tourn"]
[EventCountry "IRL"]
[SourceTitle "playchess.com"]
[Source "ChessBase"]
[SourceQuality "1"]
[TimeControl "5400+30"]

1. e4 c5 2. Nf3 Nc6 3. Bb5 d6 4. O-O Bd7 5. Re1 Nf6 6. c3 a6 7. Bf1 Bg4 8. h3 Bxf3 9. Qxf3 e6 10. d3 Be7 11. Nd2 O-O 12. Qe2 Re8 13. g3 Nd7 14. Nf3 Bf6 15. Bg2 Be7 16. Bf1 Nf6 1/2-1/2